[Event "Titled Tuesday Blitz December 13 Early 2022"]
[White "Liu, Casper"]
[Black "Ljukin, Sergei"]
[WhiteFideId "1454153"]
[BlackFideId "14102200"]
[WhiteElo "2217"]
[BlackElo "2312"]
[Result "1-0"]
[Round "07"]
[TimeControl "180+1"]
[Date "2022.12.14"]
[WhiteClock "0:00:07"]
[BlackClock "0:00:08"]

1. b3 e5 2. Bb2 Nc6 3. Nf3 e4 4. Nd4 Nxd4 5. Bxd4 d5 6. g3 c5 7. Bb2 Nf6 8. Bg2 Bd6 9. O-O O-O 10. d3 Bf5 11. Nc3 Qe7 12. dxe4 dxe4 13. Nd5 Nxd5 14. Qxd5 Bg6 15. e3 Rad8 16. Qc4 a6 17. a4 Kh8 18. Rad1 f5 19. Qc3 b5 20. Qa5 Bh5 21. Ra1 Qb7 22. axb5 axb5 23. Qa7 Rb8 24. Ra6 Be7 25. Be5 Qxa7 26. Rxa7 Rbe8 27. Rfa1 c4 28. Bf1 Rf7 29. bxc4 Bc5 30. Ra8 Re7 31. Bd4 Bxd4 32. exd4 bxc4 33. Bxc4 h6 34. Bb3 f4 35. c4 Bf3 36. d5 Kh7 37. Bc2 Rxa8 38. Rxa8 Rb7 39. Ra2 Kg8 40. c5 Rb5 41. c6 Rc5 42. d6 Rxc6 43. d7 Rd6 44. Ra8+ Kf7 45. d8=Q Rxd8 46. Rxd8 1-0


[Site "https://www.chess.com"]

[Event "Titled Tuesday Blitz December 13 Early 2022"]
[White "Lortkipanidze, Nodar"]
[Black "Dubov, Daniil"]
[WhiteFideId "13604058"]
[BlackFideId "24126055"]
[WhiteElo "2293"]
[BlackElo "2792"]
[Result "0-1"]
[Round "07"]
[TimeControl "180+1"]
[Date "2022.12.13"]
[WhiteClock "0:00:39"]
[BlackClock "0:00:22"]

1. e4 c5 2. c3 d5 3. exd5 Qxd5 4. d4 Nf6 5. Nf3 e6 6. Bd3 Nc6 7. O-O Be7 8. c4 Qd8 9. dxc5 Bxc5 10. a3 a5 11. Nc3 O-O 12. Qe2 h6 13. Be3 Bxe3 14. Qxe3 Qe7 15. Rfe1 Rd8 16. Rad1 Bd7 17. Ne4 Be8 18. Qb6 Rd7 19. Nc5 Rd6 20. Qxb7 Qd8 21. Qb3 a4 22. Qc2 Qc7 23. Nxa4 Rxa4 24. Qxa4 Nd4 25. Qa8 Rd8 26. Qxd8 Qxd8 27. Nxd4 Kf8 28. Nf3 Qa5 29. Ne5 h5 30. Bc2 Qa7 31. h3 h4 32. b4 Qxa3 33. b5 Qb2 34. Ba4 Qb4 35. Ra1 Nh5 36. Bd1 Qxe1+ 37. Kh2 Qxe5+ 0-1


[Site "https://www.chess.com"]

[Event "Titled Tuesday Blitz December 13 Early 2022"]
[White "Makhmudov, Shukhrat"]
[Black "Redzisz, Michal"]
[WhiteFideId "14200775"]
[BlackFideId "21816107"]
[WhiteElo "2135"]
[BlackElo "2136"]
[Result "0-1"]
[Round "07"]
[TimeControl "180+1"]
[Date "2022.12.14"]
[WhiteClock "0:00:01"]
[BlackClock "0:00:19"]

1. e4 c5 2. Nf3 e6 3. c3 d5 4. e5 d4 5. cxd4 cxd4 6. Bd3 Nc6 7. O-O Nge7 8. Re1 Ng6 9. Bxg6 hxg6 10. d3 Be7 11. Nbd2 O-O 12. Ne4 b6 13. Bf4 Bb7 14. a3 Rc8 15. Rc1 Qd7 16. Nfg5 Na5 17. Qg4 Bxe4 18. Nxe4 Nb3 19. Rb1 Nc5 20. Nxc5 Rxc5 21. Rbc1 Rfc8 22. Qf3 g5 23. Bd2 Rxc1 24. Rxc1 Rxc1+ 25. Bxc1 Qc7 26. Bd2 Qc2 27. Qe2 Qxb2 28. h4 gxh4 29. a4 Qa1+ 30. Kh2 Qxa4 31. Qe4 Qd7 32. Qa8+ Kh7 33. Qe4+ g6 34. Qf4 Kg8 35. Qh6 Qd5 36. Bf4 a5 0-1


[Site "https://www.chess.com"]

[Event "Titled Tuesday Blitz December 13 Early 2022"]
[White "Makhnev, Denis"]
[Black "Timofeev, Artyom"]
[WhiteFideId "13707647"]
[BlackFideId "4140419"]
[WhiteElo "2507"]
[BlackElo "2586"]
[Result "1/2-1/2"]
[Round "07"]
[TimeControl "180+1"]
[Date "2022.12.13"]
[WhiteClock "0:00:02"]
[BlackClock "0:00:03"]

1. d4 d5 2. c4 e6 3. Nf3 c6 4. Qc2 Nf6 5. Nbd2 Be7 6. e4 O-O 7. e5 Nfd7 8. Bd3 h6 9. O-O c5 10. cxd5 exd5 11. dxc5 Nc6 12. Re1 Nxc5 13. a3 Bg4 14. b4 Ne6 15. Bb2 Rc8 16. Qb3 a5 17. b5 Nc5 18. Qc2 Bxf3 19. Nxf3 Nb8 20. Bh7+ Kh8 21. Bf5 Nbd7 22. Qd1 Qb6 23. a4 Ne6 24. Qxd5 Ndc5 25. Bc2 Rfd8 26. Qc4 Nd3 27. Bxd3 Rxc4 28. Bxc4 Bc5 29. Rf1 Qc7 30. Rac1 Qe7 31. Rfd1 Rxd1+ 32. Rxd1 b6 33. g3 Ba3 34. Bd4 Qb4 35. Be2 Qxa4 36. Bxb6 Bc5 37. Bxc5 Nxc5 38. Rc1 Qb4 39. Kg2 a4 40. e6 fxe6 41. Rc4 Qxb5 42. Ne5 Qb6 43. Rf4 Kg8 44. Bc4 a3 45. h4 Qd6 46. Ng6 h5 47. Rf8+ Qxf8 48. Nxf8 Kxf8 49. f3 Ke7 50. Kf2 Kf6 51. Ke3 e5 52. Kd2 g5 53. hxg5+ Kxg5 54. Kc2 e4 55. fxe4 Nxe4 56. Be2 a2 57. Kb2 Nc3 58. Bc4 Kg4 59. Bf7 Kxg3 60. Bxh5 Ne4 61. Bf7 Nf2 62. Bxa2 1/2-1/2


[Site "https://www.chess.com"]

[Event "Titled Tuesday Blitz December 13 Early 2022"]
[White "Maksimenko, Viktor"]
[Black "Farmani Anosheh, Armin"]
[WhiteFideId "13710478"]
[BlackFideId "24613240"]
[WhiteElo "2277"]
[BlackElo "2289"]
[Result "1-0"]
[Round "07"]
[TimeControl "180+1"]
[Date "2022.12.14"]
[WhiteClock "0:01:21"]
[BlackClock "0:00:15"]

1. d4 Nf6 2. c4 e6 3. Nf3 d5 4. g3 Bb4+ 5. Bd2 Bd6 6. Bg2 O-O 7. O-O c6 8. Bc3 Ne4 9. Nbd2 Nxc3 10. bxc3 Nd7 11. e4 dxc4 12. Nxc4 Be7 13. Re1 c5 14. d5 exd5 15. exd5 b5 16. d6 Bf6 17. Nfe5 bxc4 18. Nc6 Qb6 19. Ne7+ Kh8 20. Bxa8 Bxc3 21. Nd5 Qa5 22. Nxc3 Qxc3 23. Re3 Qd4 24. Bg2 Nb6 25. Rc1 Be6 26. Re4 Qxd1+ 27. Rxd1 Rd8 28. Re5 Nd7 29. Re3 g6 30. Bf1 Nb6 31. Rc3 Kg7 32. Rcc1 Kf6 33. a4 Nxa4 34. Bxc4 Nb2 35. Bxe6 Nxd1 36. Bb3 Rxd6 37. Bxd1 Ke5 38. Bb3 Rc6 39. Bxf7 Kd4 40. Bc4 Rb6 41. Bf1 Rb4 42. f4 c4 43. Kf2 Rb2+ 44. Be2 c3 45. Kf3 Rd2 46. Rd1 a5 47. Rxd2+ cxd2 48. Bd1 Kd3 49. g4 Kd4 50. h4 Kd3 51. f5 gxf5 52. gxf5 Kc3 53. f6 Kb2 54. f7 Kc1 55. Ke2 a4 56. f8=Q a3 57. Qxa3+ Kb1 58. Qb3+ 1-0


[Site "https://www.chess.com"]

[Event "Titled Tuesday Blitz December 13 Early 2022"]
[White "Manukian, Artak"]
[Black "Goldin, Roman"]
[WhiteFideId "13301373"]
[BlackFideId "2803860"]
[WhiteElo "2130"]
[BlackElo "2312"]
[Result "1-0"]
[Round "07"]
[TimeControl "180+1"]
[Date "2022.12.14"]
[WhiteClock "0:00:01"]
[BlackClock "0:00:01"]

1. e4 Nc6 2. Nf3 e5 3. d4 exd4 4. Nxd4 g6 5. Nxc6 bxc6 6. Qd4 Qf6 7. e5 Qe6 8. f4 Nh6 9. Nc3 Nf5 10. Qc4 d5 11. Qa4 Bd7 12. Qa5 Qe7 13. Bd2 Qh4+ 14. g3 Nxg3 15. hxg3 Qxh1 16. O-O-O Qg1 17. Na4 Qxg3 18. Qxc7 Be7 19. Ba6 h5 20. Bb7 Rd8 21. Bxc6 h4 22. e6 fxe6 23. Bxd7+ Rxd7 24. Qe5 Rh5 25. Qxe6 h3 26. Nc5 Rd6 27. Qg8+ Bf8 28. Re1+ Qxe1+ 29. Bxe1 h2 30. Ne6 h1=Q 31. Qxf8+ Kd7 32. Qf7+ Kc6 33. Qc7+ Kb5 34. Nd4+ Ka6 35. Qxd6+ Kb7 36. Qd7+ Kb8 37. Nc6+ 1-0


[Site "https://www.chess.com"]

[Event "Titled Tuesday Blitz December 13 Early 2022"]
[White "Manukyan, Sargis A."]
[Black "Sargissyan, Sargis"]
[WhiteFideId "13303970"]
[BlackFideId "13303210"]
[WhiteElo "2187"]
[BlackElo "2109"]
[Result "1-0"]
[Round "07"]
[TimeControl "180+1"]
[Date "2022.12.14"]
[WhiteClock "0:00:09"]
[BlackClock "0:00:01"]

1. Nf3 Nf6 2. c4 g6 3. b4 Bg7 4. Bb2 O-O 5. g3 d6 6. d4 e5 7. dxe5 Ng4 8. Nc3 Nxe5 9. Nxe5 dxe5 10. Qxd8 Rxd8 11. Nd5 Rd7 12. Bh3 f5 13. e4 c6 14. Ne3 Rf7 15. O-O-O Rf8 16. exf5 gxf5 17. c5 Na6 18. a3 Nc7 19. Nc4 e4 20. Nd6 Nd5 21. Bf1 Rb8 22. Nxc8 Rbxc8 23. Bc4 Rcd8 24. Bxg7 Kxg7 25. Rd2 f4 26. Re1 e3 27. fxe3 fxe3 28. Rd3 Rf2 29. Bxd5 cxd5 30. Rexe3 Kf6 31. Rf3+ Rxf3 32. Rxf3+ Ke6 33. Kd2 Rd7 34. Kd3 Ke5 35. Re3+ Kf5 36. Kd4 Kg4 37. Re5 h5 38. b5 Rf7 39. Kxd5 Rf1 40. c6 1-0


[Site "https://www.chess.com"]

[Event "Titled Tuesday Blitz December 13 Early 2022"]
[White "Matveeva, Olga"]
[Black "Dias, Joao Batista"]
[WhiteFideId "24107018"]
[BlackFideId "2108240"]
[WhiteElo "2056"]
[BlackElo "1898"]
[Result "1-0"]
[Round "07"]
[TimeControl "180+1"]
[Date "2022.12.14"]
[WhiteClock "0:00:27"]
[BlackClock "0:00:53"]

1. d4 d5 2. c4 c6 3. Nf3 Nf6 4. Qb3 e6 5. g3 Be7 6. Bg2 O-O 7. O-O Na6 8. Nc3 Nc7 9. Rd1 Rb8 10. Ne5 Bd6 11. e4 Nxe4 12. Nxe4 dxe4 13. Bxe4 f6 14. Nf3 Kh8 15. Qc2 f5 16. Bg5 Qe8 17. Bd3 Qh5 18. Be2 Bd7 19. c5 Nd5 20. cxd6 f4 21. Be7 Rf7 22. Ne5 f3 23. Nxf7+ Qxf7 24. Bf1 b6 25. Qe4 c5 26. dxc5 bxc5 27. b3 Bc6 28. Qh4 h6 29. Bd3 Rb4 30. Bc4 Kh7 31. a3 Rb7 32. Bd3+ Kh8 33. Bc4 Kh7 34. Qe4+ Kh8 35. Qe5 Rd7 36. Rac1 Qg6 37. h4 Qg4 38. Bf1 a5 39. Rc4 Bb5 40. Rxg4 1-0


[Site "https://www.chess.com"]

[Event "Titled Tuesday Blitz December 13 Early 2022"]
[White "Migot, Tangi"]
[Black "Donskov, Anatoly"]
[WhiteFideId "662445"]
[BlackFideId "24143413"]
[WhiteElo "2570"]
[BlackElo "2219"]
[Result "0-1"]
[Round "07"]
[TimeControl "180+1"]
[Date "2022.12.14"]
[WhiteClock "0:00:13"]
[BlackClock "0:00:20"]

1. d4 d5 2. Nf3 Nf6 3. g3 Bf5 4. Bg2 e6 5. O-O c6 6. c4 h6 7. Nc3 Nbd7 8. Nd2 Be7 9. e4 dxe4 10. Ndxe4 Nxe4 11. Nxe4 O-O 12. Bf4 Nf6 13. Nc3 Qb6 14. Qd2 Rfd8 15. Rad1 Bg4 16. f3 Rxd4 17. Qxd4 Bc5 18. Be3 Bxd4 19. Bxd4 c5 20. Bxf6 Bf5 21. Be5 Qxb2 22. Rf2 Qb4 23. Ne4 Qxc4 24. Nd6 Qa4 25. Rfd2 Bg6 26. f4 c4 27. Rc1 Bd3 28. Nxb7 Rc8 29. Rxd3 cxd3 30. Rxc8+ Kh7 31. Be4+ Qxe4 32. Nc5 Qe1+ 33. Kg2 Qe2+ 34. Kh3 d2 35. Nd7 h5 36. Nf8+ Kh6 37. Rd8 d1=Q 38. Rxd1 Qxd1 0-1


[Site "https://www.chess.com"]

[Event "Titled Tuesday Blitz December 13 Early 2022"]
[White "Mihajlov, Sebastian"]
[Black "Bettalli, Francesco"]
[WhiteFideId "1512110"]
[BlackFideId "2816453"]
[WhiteElo "2464"]
[BlackElo "2216"]
[Result "1-0"]
[Round "07"]
[TimeControl "180+1"]
[Date "2022.12.14"]
[WhiteClock "0:02:02"]
[BlackClock "0:02:29"]

1. e4 e5 2. Nc3 Bc5 3. Bc4 Nf6 4. d3 h6 5. f4 d6 6. Nf3 Bg4 7. h3 Bxf3 8. Qxf3 Nc6 9. Ne2 Ne7 10. c3 Bb6 11. Bb3 Ng6 12. f5 Ne7 13. g4 Qd7 14. Bd2 O-O-O 15. O-O-O d5 16. Ng3 dxe4 17. dxe4 Qd3 18. Rhf1 Qxf3 19. Rxf3 Rhf8 20. g5 hxg5 21. Bxg5 Rxd1+ 22. Kxd1 Nc6 23. Bxf6 gxf6 24. Nh5 Na5 25. Nxf6 Nxb3 26. axb3 c6 27. Rg3 Bd8 28. Nh7 Rh8 29. Rg7 f6 30. Ke2 a5 31. Kf3 b5 32. Kg4 c5 33. Kh5 c4 34. bxc4 b4 35. cxb4 axb4 36. Kg6 Re8 37. Nxf6 Rh8 38. Nh7 Bb6 39. b3 Be3 40. f6 Kd8 41. f7 Ke7 42. f8=Q+ 1-0


[Site "https://www.chess.com"]

[Event "Titled Tuesday Blitz December 13 Early 2022"]
[White "Mikhailovsky, Vladimir"]
[Black "Khandelwal, Ankush"]
[WhiteFideId "34105414"]
[BlackFideId "413470"]
[WhiteElo "2295"]
[BlackElo "2271"]
[Result "0-1"]
[Round "07"]
[TimeControl "180+1"]
[Date "2022.12.14"]
[WhiteClock "0:00:01"]
[BlackClock "0:00:15"]

1. e4 c5 2. Nf3 d6 3. d4 cxd4 4. Qxd4 Nc6 5. Bb5 a6 6. Bxc6+ bxc6 7. Qa4 Bd7 8. c4 c5 9. Qc2 e6 10. e5 Ne7 11. O-O Ng6 12. exd6 Bxd6 13. Rd1 Qc7 14. Nc3 Bc6 15. Ne4 Be7 16. h4 h6 17. h5 Ne5 18. Qe2 Nxf3+ 19. gxf3 O-O 20. Kg2 Qe5 21. Rh1 Rfd8 22. Rh3 Rd4 23. Rg3 Qxh5 24. Be3 Rxe4 25. Rh1 Rh4 26. Rxh4 Qxh4 27. Qd2 Rd8 28. Qc1 Rd3 29. Bxh6 Rxf3 30. Rxg7+ Kh8 31. Rg8+ Kxg8 0-1


[Site "https://www.chess.com"]

[Event "Titled Tuesday Blitz December 13 Early 2022"]
[White "Mkrtchian, Lilit"]
[Black "Sanchez, Robert"]
[WhiteFideId "13300601"]
[BlackFideId "2034360"]
[WhiteElo "2316"]
[BlackElo "2358"]
[Result "1-0"]
[Round "07"]
[TimeControl "180+1"]
[Date "2022.12.14"]
[WhiteClock "0:00:19"]
[BlackClock "0:01:28"]

1. Nf3 d5 2. g3 Nf6 3. Bg2 Nc6 4. d4 Bf5 5. O-O Qd7 6. c4 dxc4 7. Ne5 Qd6 8. Bf4 Nh5 9. Nxf7 Qb4 10. Nxh8 Nxf4 11. gxf4 O-O-O 12. d5 e6 13. Nf7 Rd7 14. e4 Bg6 15. Ne5 Nxe5 16. fxe5 Qxb2 17. Nd2 c3 18. Nc4 Qb4 19. Qb3 Qe7 20. dxe6 Rd4 21. Rad1 c5 22. Nd6+ Kb8 23. Qxc3 1-0


[Site "https://www.chess.com"]

[Event "Titled Tuesday Blitz December 13 Early 2022"]
[White "Mohammed, Dilshad"]
[Black "Simonovic, Miroslav"]
[WhiteFideId "5050421"]
[BlackFideId "919152"]
[WhiteElo "2102"]
[BlackElo "2057"]
[Result "1-0"]
[Round "07"]
[TimeControl "180+1"]
[Date "2022.12.14"]
[WhiteClock "0:00:13"]
[BlackClock "0:00:01"]

1. Nf3 c5 2. c4 Nc6 3. Nc3 e5 4. g3 g6 5. Bg2 Bg7 6. d3 Nge7 7. Ne4 d6 8. Bg5 O-O 9. Qd2 f5 10. Nc3 Re8 11. h4 h5 12. Nd5 Kf7 13. Bh6 Nxd5 14. cxd5 Nd4 15. Ng5+ Kg8 16. Bxg7 Kxg7 17. e3 Nb5 18. O-O Nc7 19. d4 cxd4 20. exd4 e4 21. Rac1 Nxd5 22. Rfe1 Nf6 23. f3 d5 24. fxe4 Nxe4 25. Bxe4 fxe4 26. Qf4 Bf5 27. Rc7+ Kg8 28. Nf7 Qf6 29. Nh6+ Kh8 30. Nxf5 gxf5 31. Rd7 Rac8 32. Rxd5 Rf8 33. Rd6 Qg7 34. Rh6+ Kg8 35. Rxh5 Rc6 36. Rg5 Rg6 37. Rxg6 Qxg6 38. Rc1 Rf7 39. Rc8+ Kh7 40. Qb8 Qg7 41. Qf4 Qxd4+ 42. Kh2 Qxb2+ 43. Kh3 Qg7 44. Rd8 Qg4+ 45. Qxg4 fxg4+ 46. Kxg4 Re7 47. Rd2 b5 48. Kf4 1-0


[Site "https://www.chess.com"]

[Event "Titled Tuesday Blitz December 13 Early 2022"]
[White "Moiseenko, Alexander"]
[Black "Lehtosaari, Mauri"]
[WhiteFideId "14102560"]
[BlackFideId "501999"]
[WhiteElo "2577"]
[BlackElo "2512"]
[Result "1-0"]
[Round "07"]
[TimeControl "180+1"]
[Date "2022.12.14"]
[WhiteClock "0:02:19"]
[BlackClock "0:01:21"]

1. d4 d5 2. c4 c6 3. Nc3 Nf6 4. Nf3 dxc4 5. a4 Bf5 6. Nh4 e6 7. Nxf5 exf5 8. e3 Bb4 9. Bxc4 O-O 10. Qc2 g6 11. O-O Nbd7 12. f3 Rc8 13. Ba2 c5 14. Qf2 cxd4 15. exd4 Nb6 16. Bg5 Be7 17. Rfe1 Nfd5 18. Rxe7 Nxe7 19. Re1 Rc7 20. Qh4 Re8 21. Bxf7+ 1-0


[Site "https://www.chess.com"]

[Event "Titled Tuesday Blitz December 13 Early 2022"]
[White "Molina Carretero, Daniel"]
[Black "Santos Flores, Alberto"]
[WhiteFideId "32071914"]
[BlackFideId "3601234"]
[WhiteElo "2109"]
[BlackElo "2235"]
[Result "0-1"]
[Round "07"]
[TimeControl "180+1"]
[Date "2022.12.14"]
[WhiteClock "0:00:01"]
[BlackClock "0:00:49"]

1. c4 c6 2. Nf3 d5 3. b3 Nf6 4. g3 Bf5 5. Bg2 Nbd7 6. Bb2 e6 7. O-O Be7 8. d3 h6 9. Nbd2 O-O 10. a3 a5 11. Ra2 Bh7 12. Qa1 b5 13. cxb5 cxb5 14. Rc1 Qb6 15. Bd4 Qb7 16. Rac2 Rfc8 17. Ne5 Nxe5 18. Bxe5 Rxc2 19. Rxc2 Rc8 20. Rxc8+ Qxc8 21. Qb2 Ne8 22. Nf3 Bf6 23. b4 a4 24. Kf1 Bxe5 25. Nxe5 Nd6 26. Ke1 f6 27. Nf3 e5 28. Kd2 d4 29. Qc1 Qxc1+ 30. Kxc1 Kf7 31. Nd2 Ke7 32. Bd5 Bf5 33. Kc2 Bg4 34. Kd1 Be6 35. Bxe6 Kxe6 36. e4 dxe3 37. fxe3 e4 38. Ke2 Kd5 39. g4 g6 40. h4 h5 41. gxh5 gxh5 42. d4 Nf5 0-1


[Site "https://www.chess.com"]

[Event "Titled Tuesday Blitz December 13 Early 2022"]
[White "Morefield, Jason"]
[Black "Aldokhin, Ivan"]
[WhiteFideId "30920825"]
[BlackFideId "24115720"]
[WhiteElo "2171"]
[BlackElo "2313"]
[Result "1-0"]
[Round "07"]
[TimeControl "180+1"]
[Date "2022.12.14"]
[WhiteClock "0:00:09"]
[BlackClock "0:00:03"]

1. e4 c5 2. Nf3 e6 3. d4 cxd4 4. Nxd4 a6 5. Bd3 Qc7 6. O-O Nf6 7. c4 d6 8. Nc3 Nbd7 9. Kh1 Be7 10. f4 b6 11. b3 Bb7 12. Bb2 O-O-O 13. Qe2 Kb8 14. b4 g6 15. a4 e5 16. fxe5 dxe5 17. Nc2 Nf8 18. Nd5 Nxd5 19. exd5 Bd6 20. Rf6 h5 21. Rxd6 Rxd6 22. Bxe5 f6 23. Bxd6 Qxd6 24. a5 bxa5 25. Rxa5 Nd7 26. Be4 Re8 27. Qf3 Ne5 28. Qg3 Nxc4 29. Qxd6+ Nxd6 30. Bxg6 Re2 31. Kg1 h4 32. Nd4 Rb2 33. Nf3 Rxb4 34. Bd3 Ka7 35. Kf2 Kb6 36. Ra2 Bxd5 37. Rd2 h3 38. Bxa6 Ne4+ 39. Ke3 Nxd2 40. Nxd2 Kxa6 41. gxh3 Rh4 42. Kf2 Rxh3 43. Kg1 Rd3 44. Nf1 Ra3 45. Kf2 Ra2+ 46. Kg3 Ra3+ 47. Kh4 Be6 48. Ng3 Ra4+ 49. Kh5 Rg4 50. Nf1 Rg2 51. h4 Bg4+ 52. Kh6 Bf5 53. Ne3 Rf2 54. Nd5 Be4 55. Nc7+ Kb7 56. Ne6 f5 57. Nc5+ Kc6 58. Ne6 Rf4 59. Nxf4 Kd6 60. Kg6 Ke5 61. Kg5 Kd4 62. h5 Ke3 63. h6 Kf3 64. h7 Bc2 65. h8=Q 1-0


[Site "https://www.chess.com"]

[Event "Titled Tuesday Blitz December 13 Early 2022"]
[White "Moroni, Luca Jr"]
[Black "Seo, Jung Min"]
[WhiteFideId "865834"]
[BlackFideId "1734687"]
[WhiteElo "2830"]
[BlackElo "2647"]
[Result "1-0"]
[Round "07"]
[TimeControl "180+1"]
[Date "2022.12.14"]
[WhiteClock "0:00:21"]
[BlackClock "0:01:14"]

1. d4 Nf6 2. Bf4 d5 3. e3 e6 4. Nf3 c5 5. Nbd2 Nc6 6. c3 Bd6 7. dxc5 Bxc5 8. Bd3 Bd6 9. Bxd6 Qxd6 10. O-O O-O 11. e4 Bd7 12. Re1 dxe4 13. Nxe4 Nxe4 14. Bxe4 Qxd1 15. Raxd1 Rfd8 16. Rd2 Be8 17. Red1 Rxd2 18. Rxd2 Rd8 19. Bxc6 Rxd2 20. Nxd2 Bxc6 21. g3 Kf8 22. Kf1 Ke7 23. Ke2 e5 24. Ke3 Ke6 25. f4 b6 26. c4 f6 27. b4 h6 28. a3 g5 29. fxg5 hxg5 30. g4 f5 31. gxf5+ Kxf5 32. b5 Bb7 33. a4 Ba8 34. Nb3 Bb7 35. a5 Ke6 36. a6 Bh1 37. c5 bxc5 38. Nxc5+ Kd6 39. Ne4+ Kc7 40. Nxg5 Kb6 41. h4 Bd5 42. h5 Kxb5 43. h6 Bg8 44. Ke4 Kxa6 45. Kxe5 Kb7 46. Kf6 a5 47. Kg7 Bh7 48. Kxh7 a4 49. Kg6 a3 50. h7 1-0


[Site "https://www.chess.com"]

[Event "Titled Tuesday Blitz December 13 Early 2022"]
[White "Movahed, Sina"]
[Black "Raahul V S"]
[WhiteFideId "42520835"]
[BlackFideId "25035525"]
[WhiteElo "2225"]
[BlackElo "2202"]
[Result "1-0"]
[Round "07"]
[TimeControl "180+1"]
[Date "2022.12.14"]
[WhiteClock "0:00:18"]
[BlackClock "0:00:02"]

1. Nf3 d5 2. g3 g6 3. Bg2 Bg7 4. O-O e5 5. d3 Nc6 6. Nbd2 Nge7 7. c4 d4 8. Rb1 a5 9. b3 O-O 10. a3 h6 11. b4 axb4 12. axb4 Be6 13. Ne4 b6 14. b5 Nb8 15. e3 f5 16. Neg5 Bc8 17. Nh3 dxe3 18. Nxe5 Ra2 19. Rb2 Ra1 20. d4 Rxc1 21. Qxc1 Qxd4 22. Re2 Bxe5 23. Rd1 Qc5 24. Rxe3 g5 25. Bd5+ Nxd5 26. Rxd5 Bd4 27. Rxc5 bxc5 28. Re7 f4 29. Nxf4 gxf4 30. Qc2 Bf5 31. Qd2 Bg6 32. Rxc7 fxg3 33. hxg3 Rxf2 34. Qxf2 Bxf2+ 35. Kxf2 Bf5 36. Rxc5 Be6 37. b6 Kf7 38. b7 Ke7 39. Rc8 Na6 40. b8=Q Nxb8 41. Rxb8 Bxc4 42. Rb6 Be6 43. Rb4 Kf6 44. Rh4 Kg5 45. Ke3 Bg4 46. Rh2 h5 47. Rb2 h4 48. Rb5+ Bf5 49. gxh4+ Kg4 50. Rb4+ Kh5 51. Rf4 Bg4 52. Rf8 Kxh4 53. Kf4 Bh5 54. Rh8 Kh3 55. Rxh5+ Kg2 1-0


[Site "https://www.chess.com"]

[Event "Titled Tuesday Blitz December 13 Early 2022"]
[White "Muminova, Nafisa"]
[Black "Bagwe Gaurang"]
[WhiteFideId "14201526"]
[BlackFideId "45039895"]
[WhiteElo "2258"]
[BlackElo "1847"]
[Result "0-1"]
[Round "07"]
[TimeControl "180+1"]
[Date "2022.12.14"]
[WhiteClock "0:00:02"]
[BlackClock "0:00:09"]

1. e4 c5 2. Nf3 d6 3. d4 cxd4 4. Nxd4 Nf6 5. Nc3 a6 6. h3 e5 7. Nde2 h5 8. g3 Be7 9. Bg2 Be6 10. O-O Nbd7 11. f4 b5 12. f5 Bc4 13. b3 Qb6+ 14. Kh1 Bxe2 15. Qxe2 Rc8 16. Bb2 Nb8 17. Rad1 Nc6 18. Nd5 Nxd5 19. exd5 Nb8 20. Bf3 h4 21. g4 Kd7 22. Be4 Bg5 23. f6 g6 24. Qd3 Qe3 25. Qxe3 Bxe3 26. Rf3 Bg5 27. c3 Rc7 28. a4 Rhc8 29. axb5 axb5 30. Ra1 Rb7 31. Ra5 Rcc7 32. Bxg6 fxg6 33. f7 Be7 34. f8=Q Bxf8 35. Rxf8 Ke7 36. Rf3 Nd7 37. Ra8 Nf6 38. Rd3 Ne4 39. Kg2 Kf7 40. Rh8 g5 41. Rh6 Kg7 42. Re6 Re7 43. Re3 Rxe6 44. dxe6 Nf6 45. Rd3 d5 46. Ba3 e4 47. Rd2 Ra7 48. Bb4 Ra1 49. e7 Kf7 50. Rf2 Ra8 51. Bc5 Ke6 52. Bd4 Nd7 53. Rf5 Ra2+ 54. Kf1 Kxe7 55. Rxg5 Rh2 56. Rxd5 Rxh3 57. Rxb5 Rf3+ 58. Kg2 h3+ 59. Kg1 e3 0-1


[Site "https://www.chess.com"]

[Event "Titled Tuesday Blitz December 13 Early 2022"]
[White "Nakamura, Hikaru"]
[Black "Korchmar, Vasiliy"]
[WhiteFideId "2016192"]
[BlackFideId "24131750"]
[WhiteElo "2909"]
[BlackElo "2370"]
[Result "1-0"]
[Round "07"]
[TimeControl "180+1"]
[Date "2022.12.13"]
[WhiteClock "0:00:44"]
[BlackClock "0:00:02"]

1. g4 d5 2. Bg2 g6 3. h3 Bg7 4. d4 c5 5. dxc5 Nf6 6. g5 Ne4 7. Bxe4 dxe4 8. Qxd8+ Kxd8 9. c3 Na6 10. Be3 Bf5 11. Nd2 Rc8 12. Nb3 h6 13. O-O-O+ Ke8 14. f4 hxg5 15. fxg5 Be5 16. Bd4 Bxd4 17. Nxd4 Nxc5 18. Rf1 Bd7 19. Kd2 Na4 20. Rb1 Rc5 21. Ke3 Rxg5 22. Kxe4 Rgh5 23. Ke3 e5 24. Ndf3 f6 25. Nd2 Bf5 26. Ne4 Bxe4 27. Kxe4 Rh4+ 28. Kd3 Ke7 29. Kc2 Ke6 30. Rd1 Nc5 31. Rh2 Ne4 32. Rg2 Ng5 33. a4 R8h6 34. Rd3 Kf5 35. Rd6 Ne6 36. e3 Ng5 37. Rf2+ Ke4 38. Rfxf6 Kxe3 39. Rd7 Nxh3 40. Nxh3 Rxh3 41. Rxb7 Rh2+ 42. Kb3 g5 43. Rf5 g4 44. Rxe5+ Kf4 45. Reb5 Rg6 46. Rf7+ Ke3 47. Re5+ Kd2 48. Rd7+ Kc1 49. Re1# 1-0


[Site "https://www.chess.com"]

[Event "Titled Tuesday Blitz December 13 Early 2022"]
[White "Namitbir Singh Walia"]
[Black "Samarth, J Rao"]
[WhiteFideId "35071068"]
[BlackFideId "46652370"]
[WhiteElo "2239"]
[BlackElo "1564"]
[Result "1-0"]
[Round "07"]
[TimeControl "180+1"]
[Date "2022.12.14"]
[WhiteClock "0:00:23"]
[BlackClock "0:00:01"]

1. e4 c5 2. Nf3 d6 3. d4 cxd4 4. Nxd4 Nf6 5. f3 e5 6. Nb3 d5 7. Bg5 d4 8. c3 Nc6 9. cxd4 Bb4+ 10. Bd2 Nxe4 11. Bxb4 Qh4+ 12. g3 Nxg3 13. hxg3 Qxh1 14. Ba3 Bh3 15. Qd3 O-O-O 16. N1d2 Nxd4 17. Nxd4 Rxd4 18. Qe3 Rxd2 19. Kxd2 Rd8+ 20. Ke2 Qh2+ 21. Ke1 Bxf1 22. Rc1+ Kb8 23. Qxe5+ Ka8 24. Rd1 Rxd1+ 25. Kxd1 1-0


[Site "https://www.chess.com"]

[Event "Titled Tuesday Blitz December 13 Early 2022"]
[White "Navara, David"]
[Black "Csonka, Balazs"]
[WhiteFideId "309095"]
[BlackFideId "742910"]
[WhiteElo "2676"]
[BlackElo "2404"]
[Result "1-0"]
[Round "07"]
[TimeControl "180+1"]
[Date "2022.12.13"]
[WhiteClock "0:00:03"]
[BlackClock "0:00:03"]

1. d4 d5 2. c4 dxc4 3. e4 b5 4. a4 c6 5. Nc3 a6 6. axb5 cxb5 7. Nxb5 axb5 8. Rxa8 Bb7 9. Ra2 e6 10. Ne2 Bxe4 11. b3 Nc6 12. bxc4 Nb4 13. Rd2 bxc4 14. Nc3 Nd3+ 15. Bxd3 Bxd3 16. d5 Nf6 17. Qa4+ Qd7 18. Qa8+ Qd8 19. Qc6+ Qd7 20. Rb2 Bd6 21. Bg5 exd5 22. Qa8+ Qd8 23. Qxd8+ Kxd8 24. Nxd5 Re8+ 25. Kd1 Re5 26. Bxf6+ gxf6 27. Nf4 Bf5 28. Kd2 Rc5 29. Ne2 Be5 30. Nc3 Rc7 31. Rb5 Rd7+ 32. Nd5 Be4 33. Ke3 Bxd5 34. f4 Bc7 35. Rd1 Be6 36. Rxd7+ Kxd7 37. f5 Kc6 38. fxe6 fxe6 39. Rh5 f5 40. Rxh7 Be5 41. Kd2 Kd5 42. h4 Ke4 43. h5 c3+ 44. Kc2 Ke3 45. Re7 Kf2 46. Rxe6 Bh8 47. Rg6 f4 48. h6 Ke3 49. h7 1-0


[Site "https://www.chess.com"]